 Dungeon Crawl Stone Soup version 0.18.1-48-g4cf74bf (webtiles) character file.

267 sudo the Ducker (level 6, 0/44 HPs)
             Began as a High Elf Monk on June 29, 2016.
             Slain by an orc
             ... wielding a +0 whip
              (2 damage)
             ... on level 3 of the Dungeon.
             The game lasted 00:01:53 (2406 turns).

sudo the Ducker (High Elf Monk)                     Turns: 2406, Time: 00:01:53

Health: 0/44       AC:  4    Str:  9 (12) XL:     6   Next: 0%
Magic:  7/7        EV: 15    Int: 11 (13) God:
Gold:   90         SH:  0    Dex: 19 (21) Spells: 0 memorised, 5 levels left

rFire  . . .     SeeInvis .     o - +0 dagger (flame)
rCold  . . .     Gourm    .     i - +0 leather armour
rNeg   . . .     Faith    .     (no shield)
rPois  .         Spirit   .     k - +1 hat
rElec  .         Dismiss  .     (no cloak)
rCorr  .         Reflect  .     (no gloves)
SustAt .         Harm     .     (no boots)
MR     .....                    (no amulet)
Stlth  ++........               (no ring)
                                (no ring)

@: not resistant to hostile enchantments, unstealthy
A: agile 1
a: no special abilities


You were on level 3 of the Dungeon.
You were hungry.

You visited 1 branch of the dungeon, and saw 3 of its levels.

You collected 90 gold pieces.

Inventory:

Hand Weapons
 o - a +0 dagger of flaming (weapon)
Armour
 a - a +0 robe
 i - a +0 leather armour (worn)
 k - a +1 hat (worn)
Jewellery
 c - an uncursed ring of ice {unknown}
Scrolls
 d - a scroll of magic mapping {unknown}
 e - 2 scrolls of remove curse {unknown}
 f - 3 scrolls of amnesia {unknown}
 j - a scroll of teleportation {unknown}
 m - 2 scrolls of identify {unknown}
 p - a scroll of noise {unknown}
Comestibles
 b - 4 bread rations
 g - a royal jelly
 h - a beef jerky
 n - a meat ration


   Skills:
 + Level 4.4 Fighting
 * Level 0.2 Short Blades
 + Level 2.1 Armour
 + Level 5.7 Dodging
 - Level 2.1 Stealth
 - Level 3.2 Unarmed Combat


You had 5 spell levels left.
You didn't know any spells.

Dungeon Overview and Level Annotations

Branches:
Dungeon (3/15)

Altars:
Nemelex Xobeh


Innate Abilities, Weirdness & Mutations

You are agile. (Dex +2)


Message History

The orc closely misses you.
The orc priest invokes the aid of Beogh against you.
Pain shoots through your body!
* * * LOW HITPOINT WARNING * * *
You are too injured to fight recklessly!
You are too injured to fight recklessly!
You are too injured to fight recklessly!
Unknown command.
You are too injured to fight recklessly!
Unknown command.
You closely miss the orc priest.
The orc priest is moderately wounded.
The orc closely misses you.
The orc priest mumbles some strange prayers to Beogh against you.
Pain shoots through your body!
* * * LOW HITPOINT WARNING * * *
You hit the orc priest but do no damage.
The orc priest is moderately wounded.
The orc hits you with a whip.
You die...

#.# #.# . #.#
.### #.# # ...
#.# .# ..
#..#.# ..#
..<.#.#.###...#
......o)(.(...#
..##..#@.(....#
##.#o.†....#
....###...#
o..... .....
#...... #...
##...... ##.
#......
.......#


You could see an orc priest and an orc.

Vanquished Creatures
  Sigmund (D:2)
  Natasha (twice) (D:2)
  Ijyb (D:2)
  A dart slug (D:1)
  A giant gecko (D:2)
  2 orcs (D:3)
  A ball python (D:2)
  4 giant cockroaches
  4 goblins
  3 hobgoblins
  2 bats
  2 giant newts
  3 kobolds (D:2)
  2 rats
29 creatures vanquished.

Vanquished Creatures (others)
  An orc (D:3)
1 creature vanquished.

Grand Total: 30 creatures vanquished

Notes
Turn   | Place    | Note
--------------------------------------------------------------
     0 | D:1      | sudo the High Elf Monk began the quest for the Orb.
     0 | D:1      | Reached XP level 1. HP: 16/16 MP: 2/2
   445 | D:1      | Reached XP level 2. HP: 12/21 MP: 3/3
   925 | D:2      | Noticed Ijyb
   943 | D:2      | Killed Ijyb
   943 | D:2      | Reached skill level 4 in Dodging
   943 | D:2      | Reached XP level 3. HP: 17/26 MP: 4/4
  1267 | D:2      | Noticed Sigmund
  1269 | D:2      | Gained mutation: You are dopey. (Int -2) [potion of mutation]
  1269 | D:2      | Lost mutation: You are dopey. (Int -2) [potion of mutation]
  1269 | D:2      | Gained mutation: You are agile. (Dex +2) [potion of mutation]
  1277 | D:2      | Killed Sigmund
  1277 | D:2      | Reached skill level 1 in Armour
  1277 | D:2      | Reached skill level 5 in Dodging
  1277 | D:2      | Reached XP level 4. HP: 14/33 MP: 5/5
  1277 | D:2      | Reached XP level 5. HP: 16/37 MP: 6/6
  1410 | D:2      | Noticed Natasha
  1422 | D:2      | Killed Natasha
  1679 | D:2      | Noticed Natasha
  1700 | D:2      | Killed Natasha
  2347 | D:3      | Found a sparkling altar of Nemelex Xobeh.
  2399 | D:3      | Reached XP level 6. HP: 31/44 MP: 7/7
  2405 | D:3      | HP: 2/44 [orc priest/nerve-wracking pain (8)]
  2406 | D:3      | Slain by an orc

Skill      XL: |  1  2  3  4  5 |
---------------+----------------+-----
Dodging        | 4 5 |  5.7
Fighting       | 4 |  4.4
Armour         | 1 2 |  2.1
Short Blades   | |  0.2
Stealth        | |  2.1
Unarmed Combat | |  3.2

Action                   |  1- 3 |  4- 6 || total
-------------------------+-------+-------++-------
Melee: Unarmed           |    69 |    36 ||   105
       Punch             |     1 |     1 ||     2
       Dagger            |       |    17 ||    17
  Use: Potion            |     3 |     2 ||     5
 Stab: Sleeping          |     4 |     1 ||     5
  Eat: Chunk             |       |     4 ||     4
Armor: Robe              |     3 |       ||     3
       Leather armour    |    14 |     6 ||    20
Dodge: Dodged            |    56 |    52 ||   108
